[Event "Rated Blitz game"]
[Site "?"]
[Date "2021.02.12"]
[Round "?"]
[White "Olarov-crybaby"]
[Black "stvngrnrt"]
[Result "0-1"]
[ECO "C46"]
[WhiteElo "2326"]
[BlackElo "2452"]
[PlyCount "50"]
[EventDate "2021.??.??"]
[EventType "blitz"]
[TimeControl "180"]

1. e4 e5 2. Nf3 Nc6 3. Nc3 Nf6 4. Nxe5 Nxe5 5. d4 Ng6 6. e5 Ng8 7. Bc4 Bb4 8.
O-O Bxc3 9. bxc3 N8e7 10. f4 d5 11. Bd3 Bf5 12. g4 Bxd3 13. Qxd3 Nc6 14. f5
Nge7 15. f6 Qd7 16. fxe7 Qxg4+ 17. Qg3 Qxg3+ 18. hxg3 Nxe7 19. Ba3 h5 20. Rab1
b6 21. Rf4 g6 22. Rbf1 Nf5 23. Kg2 Kd7 24. g4 hxg4 25. Rxg4 Ne3+ {Time forfeit}
0-1

[Event "Rated Blitz tournament 65VzjTYH"]
[Site "?"]
[Date "2021.02.12"]
[Round "?"]
[White "jasajokijin"]
[Black "calonsarjana"]
[Result "1/2-1/2"]
[ECO "C46"]
[WhiteElo "2425"]
[BlackElo "2217"]
[PlyCount "31"]
[EventDate "2021.??.??"]
[EventType "blitz"]
[TimeControl "180"]

1. e4 e5 2. Nc3 Nc6 3. Nf3 Nf6 4. Nxe5 Nxe5 5. d4 Nxe4 6. Nxe4 Ng6 7. Bd3 d5 8.
Ng3 Bd6 9. O-O O-O 10. Qf3 c6 11. Re1 Be6 12. c3 Qd7 13. Qh5 Rfe8 14. Qd1 Bxg3
15. hxg3 Bf5 16. Be3 {Normal} 1/2-1/2

[Event "Rated Blitz game"]
[Site "?"]
[Date "2021.02.11"]
[Round "?"]
[White "Rauchbach"]
[Black "TheRigos"]
[Result "0-1"]
[ECO "C46"]
[WhiteElo "2385"]
[BlackElo "2456"]
[PlyCount "46"]
[EventDate "2021.??.??"]
[EventType "blitz"]
[TimeControl "180"]

1. e4 e5 2. Nf3 Nc6 3. Nc3 Nf6 4. Nxe5 Nxe5 5. d4 Nc6 6. d5 Ne5 7. f4 Ng6 8. e5
Bb4 9. exf6 Qxf6 10. Qf3 d6 11. Bb5+ c6 12. dxc6 O-O 13. cxb7 Bxb7 14. Qxb7
Bxc3+ 15. Kf2 Bd4+ 16. Kf1 Rab8 17. Qd5 Nxf4 18. Qf3 Rxb5 19. Bxf4 Rf5 20. g3
g5 21. Qg4 h5 22. Qxh5 gxf4 23. Qg4+ Rg5 {Normal} 0-1

[Event "Rated Blitz tournament XbqwSRIO"]
[Site "?"]
[Date "2021.02.11"]
[Round "?"]
[White "Starinov"]
[Black "Ezinez"]
[Result "0-1"]
[ECO "C46"]
[WhiteElo "2442"]
[BlackElo "2413"]
[PlyCount "134"]
[EventDate "2021.??.??"]
[EventType "blitz"]
[TimeControl "180"]

1. e4 e5 2. Nf3 Nc6 3. Nc3 Nf6 4. Nxe5 Nxe5 5. d4 Nc6 6. d5 Ne5 7. f4 Bd6 8.
fxe5 Bxe5 9. Bd3 d6 10. Qf3 Bg4 11. Qf2 a6 12. Bd2 Qe7 13. h3 Bd7 14. O-O-O Nh5
15. Ne2 b5 16. g4 Nf6 17. Nd4 b4 18. Rhg1 a5 19. Nf5 Bxf5 20. gxf5 a4 21. Kb1
b3 22. cxb3 axb3 23. axb3 Qd7 24. Qe2 Rb8 25. Bc4 Kf8 26. Bc3 Qe7 27. Rge1 Bxc3
28. bxc3 Qe5 29. Kb2 h5 30. Qd2 h4 31. Qd4 Qh2+ 32. Rd2 Qxh3 33. e5 dxe5 34.
Qxe5 Qg3 35. Qe7+ Kg8 36. d6 cxd6 37. Bxf7+ Kh7 38. Bg6+ Kh6 39. Qxd6 Rhd8 40.
Qxg3 Rxd2+ 41. Kc1 hxg3 42. Kxd2 Rxb3 43. Kd3 Kg5 44. Kd4 Kg4 45. c4 g2 46. c5
Kg3 47. c6 Rb4+ 48. Kc5 Rb2 49. c7 Rc2+ 50. Kd6 Kf2 51. Rb1 g1=Q 52. Rxg1 Kxg1
53. Bf7 Kf2 54. Be6 Ne8+ 55. Ke7 Nxc7 56. Kf7 Re2 57. Bd7 Rd2 58. Bc6 Rd6 59.
Bb7 Rf6+ 60. Kxg7 Rxf5 61. Kg6 Rf4 62. Kg5 Ne6+ 63. Kg6 Kg3 64. Bc8 Nd4 65. Kg5
Nf3+ 66. Kg6 Kh4 67. Bd7 Ne5+ {Normal} 0-1

[Event "Rated Blitz game"]
[Site "?"]
[Date "2021.02.11"]
[Round "?"]
[White "FallschirmSpringer"]
[Black "Chesstomioka"]
[Result "0-1"]
[ECO "C46"]
[WhiteElo "2506"]
[BlackElo "2541"]
[PlyCount "108"]
[EventDate "2021.??.??"]
[EventType "blitz"]
[TimeControl "180"]

1. e4 e5 2. Nf3 Nc6 3. Nc3 Nf6 4. Nxe5 Nxe5 5. d4 Nc6 6. d5 Bb4 7. dxc6 bxc6 8.
Bd3 d5 9. exd5 cxd5 10. O-O O-O 11. Bg5 c6 12. h3 Rb8 13. Qf3 Bd6 14. Rab1 h6
15. Bd2 Bc7 16. Ne2 Ne4 17. Bf4 Ng5 18. Qg3 Bxf4 19. Nxf4 Rb4 20. a3 Rb6 21. b3
c5 22. Rbd1 Rd6 23. h4 Nh7 24. Nh5 g6 25. Nf4 Kh8 26. Rfe1 d4 27. Bc4 Bb7 28.
Re5 Rf6 29. Rde1 Qd6 30. Nd3 Kg7 31. Nxc5 Ba8 32. Ne4 Bxe4 33. R1xe4 Rd8 34.
Bd3 Nf8 35. Ra5 Qb6 36. Rae5 Qd6 37. a4 Ne6 38. Kh2 Nc5 39. Re1 Nxd3 40. cxd3
Qb4 41. R1e4 Qxb3 42. h5 Qxa4 43. Re7 Qb3 44. Qe5 Rdd6 45. hxg6 Kxg6 46. Rg4+
Kh7 47. Qe4+ Rg6 48. Rxg6 Rxg6 49. Qf5 Kg7 50. Re5 Qb8 51. g3 Qd6 52. Qe4 Qf6
53. Re7 Qxf2+ 54. Kh3 Qxg3# {Normal} 0-1

[Event "Rated Blitz tournament iSVw6MwF"]
[Site "?"]
[Date "2021.02.11"]
[Round "?"]
[White "Raffael89"]
[Black "masterofpuppets2"]
[Result "0-1"]
[ECO "C46"]
[WhiteElo "2278"]
[BlackElo "2516"]
[PlyCount "32"]
[EventDate "2021.??.??"]
[EventType "blitz"]
[TimeControl "300"]

1. Nc3 Nf6 2. e4 e5 3. Nf3 Nc6 4. Nxe5 Nxe5 5. d4 Bd6 6. dxe5 Bxe5 7. Bd3 d6 8.
O-O O-O 9. Be3 Ng4 10. Bd2 Bxh2+ 11. Kh1 Qh4 12. g3 Bxg3+ 13. Kg2 Qh2+ 14. Kf3
Ne5+ 15. Ke2 Bg4+ 16. Ke3 Bf4+ {Normal} 0-1

[Event "Rated Blitz game"]
[Site "?"]
[Date "2021.02.11"]
[Round "?"]
[White "FallschirmSpringer"]
[Black "Semenychev_Alexander"]
[Result "1-0"]
[ECO "C46"]
[WhiteElo "2509"]
[BlackElo "2466"]
[PlyCount "26"]
[EventDate "2021.??.??"]
[EventType "blitz"]
[TimeControl "180"]

1. e4 e5 2. Nf3 Nf6 3. Nc3 Nc6 4. Nxe5 Nxe5 5. d4 Ng6 6. e5 Ng8 7. Bc4 d6 8.
Qf3 Be6 9. Qxb7 N8e7 10. Nb5 Bc8 11. Nxc7+ Kd7 12. Bb5+ Nc6 13. Qxc6+ Ke7 {
Normal} 1-0

[Event "Rated Blitz game"]
[Site "?"]
[Date "2021.02.11"]
[Round "?"]
[White "kahvitauko"]
[Black "darthpetrov2000"]
[Result "1-0"]
[ECO "C46"]
[WhiteElo "2403"]
[BlackElo "2533"]
[PlyCount "75"]
[EventDate "2021.??.??"]
[EventType "blitz"]
[TimeControl "180"]

1. e4 e5 2. Nf3 Nf6 3. Nc3 Nc6 4. Nxe5 Nxe5 5. d4 Nc6 6. d5 Ne5 7. f4 Ng6 8. e5
Bc5 9. exf6 O-O 10. Bd3 Re8+ 11. Ne4 Qxf6 12. Qe2 Qd8 13. Kd1 d6 14. Re1 Bd7
15. g4 Qh4 16. f5 Ne5 17. Bf4 Nxg4 18. Kc1 Bxf5 19. Bg3 Qh5 20. Kb1 Qg6 21. h3
Ne3 22. Nxc5 dxc5 23. Bf4 Bxd3 24. cxd3 c4 25. Bxe3 cxd3 26. Qd2 h6 27. a3 Re5
28. Ka2 Rxd5 29. Rac1 c6 30. Rg1 Qe6 31. Ka1 Kh7 32. Rg3 Re8 33. Rcg1 g6 34.
Bxh6 Qe2 35. Qf4 Rf5 36. Qh4 Rh5 37. Qf6 Kxh6 38. Rxg6+ {Normal} 1-0

[Event "Rated Blitz game"]
[Site "?"]
[Date "2021.02.10"]
[Round "?"]
[White "FallschirmSpringer"]
[Black "gogotaniye"]
[Result "0-1"]
[ECO "C46"]
[WhiteElo "2500"]
[BlackElo "2672"]
[PlyCount "98"]
[EventDate "2021.??.??"]
[EventType "blitz"]
[TimeControl "180"]

1. e4 e5 2. Nf3 Nc6 3. Nc3 Nf6 4. Nxe5 Nxe5 5. d4 Nc6 6. d5 Ne5 7. f4 Ng6 8. e5
Bc5 9. exf6 Qxf6 10. Qe2+ Qe7 11. Bd2 O-O 12. O-O-O d6 13. g3 Bf5 14. g4 Qxe2
15. Bxe2 Bd7 16. h4 Rfe8 17. Bf3 Be3 18. f5 Bxd2+ 19. Rxd2 Ne5 20. Bd1 b5 21.
Rg1 a5 22. Rg3 b4 23. Ne2 Nc4 24. Rd4 Ne3 25. Nf4 Re5 26. Nd3 Re7 27. f6 gxf6
28. Nf4 Nxd1 29. Rxd1 Kf8 30. Nh5 f5 31. gxf5 Bxf5 32. Nf6 Re2 33. Rf1 Bg6 34.
h5 Rxc2+ 35. Kd1 Rxb2 36. hxg6 hxg6 37. Ne4 Re8 38. Ng5 Rb1+ 39. Kd2 Rxf1 40.
Rh3 Rf2+ 41. Kd3 Re5 42. Rh7 Rxg5 43. Ke3 Rff5 44. Rh8+ Ke7 45. Rb8 Re5+ 46.
Kd4 Rxd5+ 47. Kc4 Kd7 48. Kb3 Rd3+ 49. Ka4 Ra3# {Normal} 0-1

[Event "Rated Blitz game"]
[Site "?"]
[Date "2021.02.10"]
[Round "?"]
[White "FallschirmSpringer"]
[Black "gogotaniye"]
[Result "0-1"]
[ECO "C46"]
[WhiteElo "2493"]
[BlackElo "2678"]
[PlyCount "114"]
[EventDate "2021.??.??"]
[EventType "blitz"]
[TimeControl "180"]

1. e4 e5 2. Nf3 Nc6 3. Nc3 Nf6 4. Nxe5 Nxe5 5. d4 Nc6 6. d5 Ne5 7. f4 Ng6 8. e5
Bc5 9. exf6 O-O 10. Be2 Re8 11. Na4 Bd6 12. Qd4 c5 13. dxc6 dxc6 14. Nc3 c5 15.
Qf2 Qxf6 16. O-O a6 17. Bd2 Qd4 18. Bd3 Qxf2+ 19. Rxf2 b5 20. a4 c4 21. Bf1 Bd7
22. Re2 Nxf4 23. Bxf4 Bxf4 24. Rxe8+ Rxe8 25. axb5 axb5 26. Rd1 Bc6 27. b3 Be5
28. Nd5 cxb3 29. cxb3 Kf8 30. Nb4 Be4 31. Bxb5 Rb8 32. Nc6 Bxc6 33. Bxc6 Rxb3
34. Bf3 g6 35. h3 Rb6 36. Rf1 Rf6 37. Bd5 Bd4+ 38. Kh2 Rxf1 39. Bf3 Be5+ 40. g3
Rxf3 41. Kg2 Rxg3+ 42. Kf2 Rxh3 43. Kg2 Rh5 44. Kg1 Kg7 45. Kg2 f5 46. Kg1 Bf6
47. Kg2 Rg5+ 48. Kf2 h5 49. Kf3 h4 50. Kf4 h3 51. Kf3 h2 52. Kf2 h1=Q 53. Ke2
Rg2+ 54. Kd3 Qh3+ 55. Kc4 Rc2+ 56. Kd5 Qd3+ 57. Ke6 Rc6# {Normal} 0-1

[Event "Rated Blitz game"]
[Site "?"]
[Date "2021.02.10"]
[Round "?"]
[White "FallschirmSpringer"]
[Black "gogotaniye"]
[Result "1-0"]
[ECO "C46"]
[WhiteElo "2494"]
[BlackElo "2677"]
[PlyCount "75"]
[EventDate "2021.??.??"]
[EventType "blitz"]
[TimeControl "180"]

1. e4 e5 2. Nf3 Nc6 3. Nc3 Nf6 4. Nxe5 Nxe5 5. d4 Ng6 6. e5 Ng8 7. Bc4 Bb4 8.
Qf3 d5 9. Bxd5 Be6 10. Bxb7 Rb8 11. Bc6+ Kf8 12. Be3 N8e7 13. Be4 Bd5 14. O-O
Bxc3 15. bxc3 Bxe4 16. Qxe4 Qd5 17. Qd3 Nh4 18. f3 Nhf5 19. Bf2 h5 20. c4 Qe6
21. f4 c6 22. Rab1 Rd8 23. c3 g6 24. Rb7 Kg7 25. Rfb1 Rd7 26. h3 h4 27. Qe4
Rhd8 28. Qe2 Rxb7 29. Rxb7 Rd7 30. Rb1 Nd6 31. Bxh4 Nxc4 32. Bf6+ Kh7 33. Rb8
Ng8 34. Bg5 Nb6 35. Qf2 Kg7 36. Qh4 Nd5 37. c4 Nde7 38. Bf6+ {Normal} 1-0

[Event "Rated Blitz game"]
[Site "?"]
[Date "2021.02.10"]
[Round "?"]
[White "Svato"]
[Black "Burnashataman"]
[Result "1-0"]
[ECO "C46"]
[WhiteElo "2437"]
[BlackElo "2398"]
[PlyCount "85"]
[EventDate "2021.??.??"]
[EventType "blitz"]
[TimeControl "180"]

1. e4 e5 2. Nf3 Nc6 3. Nc3 Nf6 4. Nxe5 Nxe5 5. d4 Ng6 6. e5 Ng8 7. Bc4 d6 8.
Qf3 Be6 9. Qxb7 Bxc4 10. Qc6+ Ke7 11. Qxc4 Rc8 12. Nd5+ Ke8 13. f4 N8e7 14. O-O
Nxd5 15. Qxd5 c6 16. Qb3 Qb6 17. c3 Qxb3 18. axb3 Rc7 19. f5 dxe5 20. fxg6 hxg6
21. dxe5 Bc5+ 22. Kh1 Ke7 23. b4 Bb6 24. Bg5+ Ke6 25. Rad1 f6 26. exf6 gxf6 27.
Rxf6+ Ke5 28. h3 Rh5 29. Rxg6 Rf7 30. Bc1 Rf2 31. Rxc6 Rhf5 32. Rcd6 Rf1+ 33.
Kh2 Bg1+ 34. Kg3 Bf2+ 35. Kg4 Rxd1 36. Rxd1 Rf8 37. Bg5 Ke4 38. Rd7 Rg8 39.
Re7+ Kd3 40. h4 Kc4 41. h5 Kb3 42. h6 Rh8 43. h7 {Normal} 1-0

[Event "Rated Blitz tournament dfoVLodG"]
[Site "?"]
[Date "2021.02.10"]
[Round "?"]
[White "Starinov"]
[Black "jole99"]
[Result "1-0"]
[ECO "C46"]
[WhiteElo "2430"]
[BlackElo "2205"]
[PlyCount "113"]
[EventDate "2021.??.??"]
[EventType "blitz"]
[TimeControl "180"]

1. e4 e5 2. Nf3 Nc6 3. Nc3 Nf6 4. Nxe5 Nxe5 5. d4 Nc6 6. d5 Ne5 7. f4 Ng6 8. e5
Ng8 9. d6 cxd6 10. exd6 Qf6 11. Ne4 Qe6 12. Qe2 f5 13. Ng5 Qxe2+ 14. Bxe2 Bxd6
15. O-O Nf6 16. Bc4 Bc5+ 17. Kh1 d5 18. Re1+ Kd7 19. Bb3 h6 20. Nf3 Re8 21.
Rxe8 Kxe8 22. Bd2 Be6 23. Re1 Kd7 24. Bc3 Nxf4 25. Ne5+ Kd6 26. g3 N4h5 27. Nd3
Ne4 28. Kg2 g5 29. Be5+ Kc6 30. c3 Re8 31. Bd1 g4 32. Nxc5 Nxc5 33. Bc2 Ne4 34.
Bd4 Nhf6 35. Bxa7 Nd7 36. Be3 Bf7 37. Bxh6 Ne5 38. Bf4 Nf3 39. Rd1 Nc5 40. Kf2
Ne4+ 41. Kg2 b5 42. h4 Nc5 43. Kf2 Be6 44. Rh1 Ne4+ 45. Kf1 d4 46. Bxe4+ fxe4
47. cxd4 Nxd4 48. Kf2 Kd5 49. Rd1 Rc8 50. Ke3 Rc4 51. Bg5 Ke5 52. Bf4+ Kd5 53.
Bh6 Kc5 54. Bf8+ Kd5 55. Bg7 Kc5 56. Bxd4+ Rxd4 57. Rxd4 {Normal} 1-0

[Event "Rated Blitz game"]
[Site "?"]
[Date "2021.02.10"]
[Round "?"]
[White "FallschirmSpringer"]
[Black "fabielvi"]
[Result "0-1"]
[ECO "C46"]
[WhiteElo "2551"]
[BlackElo "2645"]
[PlyCount "130"]
[EventDate "2021.??.??"]
[EventType "blitz"]
[TimeControl "180+2"]

1. e4 e5 2. Nf3 Nc6 3. Nc3 Nf6 4. Nxe5 Nxe5 5. d4 Ng6 6. e5 Bb4 7. exf6 Qxf6 8.
Qe2+ Ne7 9. Bd2 Qxd4 10. O-O-O O-O 11. Nb5 Bxd2+ 12. Rxd2 Qc5 13. Nxc7 Rb8 14.
Nb5 d5 15. Nd4 Nc6 16. Qb5 Qd6 17. Be2 Bd7 18. Qb3 Nxd4 19. Rxd4 Qf6 20. Qxd5
Bc6 21. Qd6 Qxf2 22. Bd3 Qxg2 23. Rf1 Qg5+ 24. Kb1 Rbd8 25. Qb4 a5 26. Qc3 Rxd4
27. Qxd4 a4 28. Rg1 Rd8 29. Qf2 Qe7 30. a3 g6 31. h4 Re8 32. Rf1 h5 33. Qf4 Qe6
34. Bc4 Bd5 35. Bd3 Qg4 36. Qf6 Be6 37. Qf2 Rd8 38. Qf6 Rc8 39. Qf2 Rd8 40. Qf6
Re8 41. Qf2 Rf8 42. Qf6 Qg3 43. Qe7 Rc8 44. Qxb7 Qc7 45. Qf3 Rb8 46. Qf6 Qd8
47. Bxg6 Qxf6 48. Rxf6 Kg7 49. Rf4 fxg6 50. Rxa4 Bg4 51. Rd4 g5 52. hxg5 Kg6
53. b4 Kxg5 54. c4 h4 55. c5 h3 56. Rd2 Bf3 57. Rh2 Bg2 58. Kc2 Kf4 59. Kc3 Kg3
60. Rxh3+ Kxh3 61. Kc4 Kg4 62. a4 Kf5 63. b5 Ke6 64. c6 Bxc6 65. bxc6 Kd6 {
Normal} 0-1

[Event "Rated Blitz game"]
[Site "?"]
[Date "2021.02.09"]
[Round "?"]
[White "vladlitus"]
[Black "kichot"]
[Result "0-1"]
[ECO "C46"]
[WhiteElo "2384"]
[BlackElo "2478"]
[PlyCount "70"]
[EventDate "2021.??.??"]
[EventType "blitz"]
[TimeControl "180"]

1. e4 e5 2. Nc3 Nf6 3. Nf3 Nc6 4. Nxe5 Nxe5 5. d4 Ng6 6. e5 Ng8 7. Bc4 d5 8.
Bxd5 N8e7 9. Be4 Nf5 10. Be3 c5 11. Bxf5 Bxf5 12. Qf3 cxd4 13. O-O-O Qc8 14.
Rxd4 Be7 15. g4 Be6 16. h4 O-O 17. Qg3 Bc5 18. h5 Bxd4 19. Bxd4 Ne7 20. h6 g6
21. Qh4 f6 22. exf6 Nc6 23. Bc5 Rf7 24. g5 Qc7 25. Re1 Re8 26. Qa4 Bd7 27.
Rxe8+ Bxe8 28. f4 b6 29. Be7 Qd7 30. Ba3 Qd4 31. Qxd4 Nxd4 32. Nd5 Rd7 33. Ne7+
Kf7 34. c3 Ne2+ 35. Kc2 Nxf4 {Normal} 0-1

[Event "Rated Rapid tournament Wfkllj81"]
[Site "?"]
[Date "2021.02.09"]
[Round "?"]
[White "ruzomberok"]
[Black "lord_barre"]
[Result "1/2-1/2"]
[ECO "C46"]
[WhiteElo "2462"]
[BlackElo "2318"]
[PlyCount "22"]
[EventDate "2021.??.??"]
[EventType "rapid"]
[TimeControl "600+2"]

1. e4 e5 2. Nf3 Nc6 3. Nc3 Nf6 4. Nxe5 Nxe5 5. d4 Ng6 6. e5 Ng8 7. Bc4 d5 8.
Bxd5 c6 9. Bb3 Bb4 10. O-O Bxc3 11. bxc3 Be6 {Normal} 1/2-1/2

[Event "Rated Blitz game"]
[Site "?"]
[Date "2021.02.09"]
[Round "?"]
[White "Olarov-crybaby"]
[Black "TrickOrTreat"]
[Result "0-1"]
[ECO "C46"]
[WhiteElo "2343"]
[BlackElo "2414"]
[PlyCount "52"]
[EventDate "2021.??.??"]
[EventType "blitz"]
[TimeControl "180"]

1. e4 e5 2. Nf3 Nc6 3. Nc3 Nf6 4. Nxe5 Nxe5 5. d4 Ng6 6. e5 Ng8 7. Bc4 c6 8.
Qe2 Bb4 9. Bxf7+ Kxf7 10. Qc4+ d5 11. Qxb4 N8e7 12. O-O Rf8 13. Ne2 Kg8 14. Ng3
Nf5 15. Nxf5 Rxf5 16. b3 Qe7 17. Qd2 Be6 18. a4 h6 19. Ba3 Qf7 20. g3 Rh5 21.
f4 Qf5 22. Rae1 Qg4 23. Qg2 a6 24. f5 Qxd4+ 25. Kh1 Rxf5 26. Rxf5 Bxf5 {Normal}
0-1

[Event "Rated Blitz game"]
[Site "?"]
[Date "2021.02.09"]
[Round "?"]
[White "vladlitus"]
[Black "Krishnamurti33"]
[Result "0-1"]
[ECO "C46"]
[WhiteElo "2376"]
[BlackElo "2435"]
[PlyCount "132"]
[EventDate "2021.??.??"]
[EventType "blitz"]
[TimeControl "180"]

1. e4 e5 2. Nc3 Nf6 3. Nf3 Nc6 4. Nxe5 Nxe5 5. d4 Nc6 6. d5 Ne5 7. f4 Bd6 8.
fxe5 Bxe5 9. Qf3 d6 10. Bb5+ Bd7 11. Bxd7+ Qxd7 12. Bg5 Qg4 13. Bxf6 Qxf3 14.
gxf3 Bxf6 15. Kd2 Kd7 16. a4 c6 17. dxc6+ bxc6 18. Rad1 Ke6 19. b3 Rhd8 20. Ne2
g6 21. Nf4+ Ke7 22. Nd3 Bg7 23. Rde1 Kd7 24. h4 h5 25. f4 Re8 26. Rhg1 Bf6 27.
Rh1 Re7 28. e5 Bg7 29. exd6 Rxe1 30. Kxe1 Kxd6 31. Kf2 Re8 32. Kf3 Bf6 33. Nf2
Kc7 34. Ne4 Be7 35. f5 Rd8 36. f6 Bf8 37. Re1 Bh6 38. Ng5 Bxg5 39. hxg5 Rd7 40.
Re8 Kd6 41. Kf4 Kd5 42. c3 c5 43. b4 cxb4 44. cxb4 Rc7 45. Re7 Kd6 46. Re4 Kd5
47. Re7 Kd6 48. Rxc7 Kxc7 49. Ke5 Kc6 50. b5+ Kc5 51. a5 Kxb5 52. Kd6 h4 53.
Ke7 h3 54. Kxf7 h2 55. Kg7 h1=Q 56. f7 Qa1+ 57. Kg8 Qa2 58. Kg7 Qb2+ 59. Kg8
Qb3 60. Kg7 Qc3+ 61. Kg8 Qc4 62. Kg7 Qd4+ 63. Kg8 Qd5 64. Kg7 Qe5+ 65. Kg8 Qe6
66. Kg7 Qe7 {Time forfeit} 0-1

[Event "Rated Blitz game"]
[Site "?"]
[Date "2021.02.08"]
[Round "?"]
[White "lavilaine"]
[Black "agriokatsiki"]
[Result "0-1"]
[ECO "C46"]
[WhiteElo "2338"]
[BlackElo "2436"]
[PlyCount "82"]
[EventDate "2021.??.??"]
[EventType "blitz"]
[TimeControl "180"]

1. e4 e5 2. Nf3 Nc6 3. Nc3 Nf6 4. Nxe5 Nxe5 5. d4 Ng6 6. e5 d6 7. f4 Be7 8. Bd3
dxe5 9. dxe5 O-O 10. exf6 Bxf6 11. O-O Bd7 12. Be3 Bc6 13. Qg4 Re8 14. Rfe1
Rxe3 15. Rxe3 Bd4 16. Rae1 Qf6 17. Kh1 Bxe3 18. Rxe3 Qxf4 19. Qxf4 Nxf4 20. Be4
Bxe4 21. Nxe4 Rd8 22. g3 Ne6 23. Rb3 b6 24. Ra3 a5 25. Rc3 f5 26. Nf2 Rd2 27.
Kg2 Kf7 28. Kf3 Rxc2 29. Rxc2 Nd4+ 30. Ke3 Nxc2+ 31. Kd3 Nb4+ 32. Kc4 Nxa2 33.
Nd3 Nb4 34. Nxb4 axb4 35. Kxb4 g5 36. Kb5 f4 37. gxf4 gxf4 38. Kc4 Ke6 39. Kd4
Kf5 40. Kd5 f3 41. Kc6 f2 {Normal} 0-1

[Event "Rated Blitz game"]
[Site "?"]
[Date "2021.02.08"]
[Round "?"]
[White "brunosten"]
[Black "psykac"]
[Result "1-0"]
[ECO "C46"]
[WhiteElo "2455"]
[BlackElo "2375"]
[PlyCount "47"]
[EventDate "2021.??.??"]
[EventType "blitz"]
[TimeControl "180"]

1. e4 e5 2. Nf3 Nc6 3. Nc3 Nf6 4. Nxe5 Nxe5 5. d4 Nc6 6. d5 Ne5 7. f4 Ng6 8. e5
Ng8 9. Bc4 Bc5 10. Ne4 d6 11. Qf3 N8e7 12. Nxc5 dxc5 13. Be3 O-O 14. Bxc5 Bf5
15. O-O-O b6 16. Ba3 Qc8 17. h3 h5 18. Qxh5 Nxf4 19. Qg5 Nexd5 20. Rxd5 Nxd5
21. Bxd5 Rd8 22. Bxa8 Qd7 23. Bf3 c5 24. Rd1 {Normal} 1-0

[Event "Rated Blitz tournament WZrQ5ul8"]
[Site "?"]
[Date "2021.02.07"]
[Round "?"]
[White "vladlitus"]
[Black "El_Precisione"]
[Result "0-1"]
[ECO "C46"]
[WhiteElo "2371"]
[BlackElo "2538"]
[PlyCount "42"]
[EventDate "2021.??.??"]
[EventType "blitz"]
[TimeControl "180+2"]

1. e4 Nc6 2. Nc3 e5 3. Nf3 Nf6 4. Nxe5 Nxe5 5. d4 Nc6 6. d5 Bb4 7. dxc6 bxc6 8.
Bd3 d5 9. exd5 O-O 10. dxc6 Re8+ 11. Be2 Bxc3+ 12. bxc3 Nd5 13. Kf1 Qe7 14. Bd3
Nxc3 15. Qd2 Ne4 16. Qe3 Qf6 17. Rb1 Qxc6 18. Bb2 Ba6 19. Qd4 f6 20. Rd1 Rad8
21. Qa4 Qxa4 {Normal} 0-1

[Event "Rated Blitz tournament nL2c0cYF"]
[Site "?"]
[Date "2021.02.07"]
[Round "?"]
[White "sim13a"]
[Black "Kumi"]
[Result "0-1"]
[ECO "C46"]
[WhiteElo "2400"]
[BlackElo "2567"]
[PlyCount "34"]
[EventDate "2021.??.??"]
[EventType "blitz"]
[TimeControl "180+2"]

1. e4 e5 2. Nf3 Nc6 3. Nc3 Nf6 4. Nxe5 Nxe5 5. d4 Bd6 6. dxe5 Bxe5 7. f4 Bxc3+
8. bxc3 Nxe4 9. Qd4 Qh4+ 10. g3 Nxg3 11. Qf2 Qe7+ 12. Kd1 Nxh1 13. Qg2 d5 14.
Qxh1 Bg4+ 15. Kd2 O-O-O 16. a4 Rhe8 17. Ba3 Qe3# {Normal} 0-1

[Event "Rated Blitz tournament hONhNQkS"]
[Site "?"]
[Date "2021.02.07"]
[Round "?"]
[White "FallschirmSpringer"]
[Black "DiogenesSinopeus"]
[Result "1-0"]
[ECO "C46"]
[WhiteElo "2545"]
[BlackElo "2467"]
[PlyCount "75"]
[EventDate "2021.??.??"]
[EventType "blitz"]
[TimeControl "180+2"]

1. e4 e5 2. Nf3 Nc6 3. Nc3 Nf6 4. Nxe5 Nxe5 5. d4 Ng6 6. e5 Ng8 7. Bc4 d5 8.
Bxd5 c6 9. Bb3 Be6 10. O-O Nh6 11. Bxh6 gxh6 12. f4 Qd7 13. d5 Bf5 14. g4 Bxg4
15. e6 fxe6 16. Qxg4 exd5 17. f5 O-O-O 18. Qd4 b6 19. Qd3 Bc5+ 20. Kh1 Ne5 21.
Qh3 Kb7 22. Rad1 Bd6 23. Ba4 Qf7 24. Qxh6 Ng4 25. Qe6 Qh5 26. Rd2 Rhe8 27.
Bxc6+ Kxc6 28. Qxd5+ Kc7 29. Nb5+ Kb8 30. Nxd6 Rd7 31. Qf3 Red8 32. Qf4 Ka8 33.
Rfd1 Rxd6 34. Rxd6 Rxd6 35. Rxd6 Qh3 36. Rd8+ Kb7 37. Rb8+ Ka6 38. Qa4# {Normal
} 1-0

[Event "Rated Blitz game"]
[Site "?"]
[Date "2021.02.07"]
[Round "?"]
[White "kahvitauko"]
[Black "BernhardBorge"]
[Result "0-1"]
[ECO "C46"]
[WhiteElo "2457"]
[BlackElo "2623"]
[PlyCount "62"]
[EventDate "2021.??.??"]
[EventType "blitz"]
[TimeControl "180"]

1. e4 Nf6 2. Nc3 e5 3. Nf3 Nc6 4. Nxe5 Nxe5 5. d4 Ng6 6. e5 Ng8 7. Bc4 c6 8.
Qe2 Be7 9. Qf3 d5 10. exd6 Bf6 11. O-O Qxd6 12. Re1+ N8e7 13. Ne4 Qxd4 14.
Nxf6+ Qxf6 15. Qg3 h6 16. Bd2 O-O 17. Bc3 Qf5 18. Bd3 Qg4 19. Qd6 Nd5 20. Re4
Qd7 21. Qg3 Nxc3 22. bxc3 Qd5 23. Rae1 Bf5 24. Re5 Nxe5 25. Rxe5 Qxa2 26. Rxf5
Qb1+ 27. Bf1 Rad8 28. Qh3 Rd1 29. g4 Re8 30. g5 hxg5 31. Rxg5 Rxf1+ {Normal}
0-1

[Event "Rated Rapid game"]
[Site "?"]
[Date "2021.02.07"]
[Round "?"]
[White "brunosten"]
[Black "Beastofuyo"]
[Result "1/2-1/2"]
[ECO "C46"]
[WhiteElo "2487"]
[BlackElo "2448"]
[PlyCount "176"]
[EventDate "2021.??.??"]
[EventType "rapid"]
[TimeControl "600"]

1. e4 e5 2. Nf3 Nc6 3. Nc3 Nf6 4. Nxe5 Nxe5 5. d4 Ng6 6. e5 Ng8 7. Bc4 d5 8.
Bxd5 N8e7 9. Be4 Nf5 10. Be3 Bb4 11. O-O c5 12. Nd5 O-O 13. a3 Nxe3 14. fxe3
Be6 15. c4 Ba5 16. b4 Bxd5 17. Bxd5 cxb4 18. axb4 Bxb4 19. Bxb7 Rb8 20. Bd5 a5
21. Qf3 Qe7 22. Ra2 Kh8 23. Raf2 f6 24. Qh5 fxe5 25. Rf5 Rxf5 26. Rxf5 Nf8 27.
Rf7 Qd6 28. Be4 Qh6 29. Qxh6 gxh6 30. c5 exd4 31. exd4 Bc3 32. c6 Bxd4+ 33. Kf1
Bb6 34. Bf5 Kg8 35. c7 Ra8 36. Rxf8+ Kxf8 37. c8=Q+ Rxc8 38. Bxc8 a4 39. Be6 a3
40. Ba2 Bc7 41. h3 Bg3 42. Ke2 h5 43. Kd3 Ke7 44. Kc4 Kf6 45. Kb4 Bd6+ 46. Kb3
h4 47. Bb1 h6 48. Be4 Ke5 49. Bf3 Kd4 50. Ka2 Kd3 51. Ba8 Kc2 52. Bf3 Kd3 53.
Ba8 Bc5 54. Bf3 Ke3 55. Ba8 Kf4 56. Bf3 Kf5 57. Ba8 h5 58. Bf3 Kg5 59. Ba8 Kf5
60. Bf3 Kg5 61. Ba8 Kh6 62. Bf3 Bd6 63. Ba8 Be7 64. Bf3 Kg6 65. Ba8 Kg5 66. Bb7
Kf4 67. Bc6 Bd6 68. Bf3 Kg3 69. Ba8 Be5 70. Bf3 Bd6 71. Ba8 Bf8 72. Bf3 Kf4 73.
Ba8 Kg3 74. Bb7 Be7 75. Ba8 Bd6 76. Bb7 Be7 77. Ba8 Bb4 78. Bb7 Kf2 79. Ba8 Kg3
80. Bb7 Bc5 81. Ba8 Bd6 82. Bb7 Be7 83. Ba8 Bf8 84. Bb7 Be7 85. Ba8 Bd6 86. Bb7
Bc5 87. Ba8 Bd6 88. Bb7 Be7 {Normal} 1/2-1/2

[Event "Rated Blitz tournament hONhNQkS"]
[Site "?"]
[Date "2021.02.07"]
[Round "?"]
[White "FallschirmSpringer"]
[Black "mornarpopaj"]
[Result "0-1"]
[ECO "C46"]
[WhiteElo "2555"]
[BlackElo "2545"]
[PlyCount "76"]
[EventDate "2021.??.??"]
[EventType "blitz"]
[TimeControl "180+2"]

1. e4 e5 2. Nf3 Nc6 3. Nc3 Nf6 4. Nxe5 Nxe5 5. d4 Ng6 6. e5 Bb4 7. exf6 Qxf6 8.
Qe2+ Ne7 9. Bd2 O-O 10. O-O-O Bxc3 11. Bxc3 d5 12. Bb4 Re8 13. Re1 Be6 14. Qd2
Nf5 15. Bc3 c6 16. Bd3 Nd6 17. f3 a5 18. Re5 b5 19. Qf2 b4 20. Bd2 Bf5 21. Bxf5
Nxf5 22. Rhe1 Nd6 23. Qe2 h6 24. g4 Reb8 25. g5 hxg5 26. Bxg5 Qg6 27. Rg1 Re8
28. Be3 Qf6 29. Reg5 Nf5 30. Qg2 Nxe3 31. Rxg7+ Kf8 32. Qg3 Rac8 33. h4 Nf5 34.
Rg8+ Ke7 35. Re1+ Kd7 36. Rgxe8 Rxe8 37. Qh3 Rxe1+ 38. Kd2 Qe6 {Normal} 0-1